 Dungeon Sprint DCSS version 0.15-a0-1403-g2cecdf4 (webtiles) character file.

1289 PolkaDot the Imperceptible (level 8, -2/55 HPs)
             Began as a Vampire Assassin on June 11, 2014.
             Was a Follower of Dithmenos.
             Killed by an exploding giant spore (27 damage)
             ... in the Dungeon (Sprint I: "Red Sonja").
             The game lasted 00:02:13 (258 turns).

PolkaDot the Imperceptible (Vampire Assassin)        Turns: 258, Time: 00:02:14

HP  -2/55        AC  3     Str 10      XL: 8   Next: 30%
MP   8/8         EV 17     Int 13      God: Dithmenos [*.....]
Gold 518         SH  0     Dex 17      Spells:  0 memorised,  7 levels left

rFire  . . .     SeeInvis +     a - +2 dagger
rCold  . . .     Clarity  .     c - +0 robe
rNeg   + . .     rCorr    .     (no shield)
rPois  .         rRot     .     (no helmet)
rElec  .         Spirit   .     d - +0 cloak
SustAb .         Warding  .     (no gloves)
rMut   .         NoTele   +     (no boots)
Gourm  .                        (no amulet)
MR     .....                    (no ring)
                                (no ring)

@: wreathed by umbra, not resistant to hostile enchantments, incredibly stealthy
A: bottle blood, fangs 3, see invisible, unbreathing
a: Bat Form, Bottle Blood, Renounce Religion


You were in the Dungeon.
You worshipped Dithmenos.
Dithmenos was aware of your devotion.
You were not thirsty.

You visited 1 branch You collected 518 gold pieces.

Inventory:

Hand weapons
 a - a +2,+2 dagger (weapon)
 b - a +0 blowgun
Missiles
 e - 8 poisoned needles
 f - 10 curare-tipped needles
Armour
 c - a +0 robe (worn)
 d - a +0 cloak (worn)
Scrolls
 m - a scroll of blinking
 n - a scroll of identify {unknown}
 o - a scroll of enchant weapon II {unknown}
Potions
 g - a potion of blood {@w2}
 h - a potion of curing
 i - a potion of heal wounds
 j - 2 potions of haste
 k - 2 potions of magic
 l - a potion of berserk rage


   Skills:
 - Level 1.7 Fighting
 - Level 2.1 Short Blades
 - Level 1.5 Throwing
 * Level 7.3 Dodging
 + Level 23.4 Stealth


You had 7 spell levels left.
You didn't know any spells.

Dungeon Overview and Level Annotations

Branches:
Dungeon (1/1)

Altars:
Cheibriados
Dithmenos
Elyvilon
Fedhas
Gozag
Kikubaaqudgha
Makhleb
Nemelex Xobeh
Okawaru
Qazlal
Sif Muna
Trog
Vehumet
Xom
Yredelemnul
Zin
The Shining One
Jiyva

Shops:
D ([


Innate Abilities, Weirdness & Mutations

You can bottle blood from corpses.
You have razor-sharp teeth.*
You have supernaturally acute eyesight.
You can survive without breathing.*


Message History

You now have 464 gold pieces (gained 27).
You now have 491 gold pieces (gained 27).
Things that are here:
a runed dagger {Sonja}; a blowgun You now have 518 gold pieces (gained 27).
You open the door. 2 giant spores come into view.
Found four items.
Found 54 gold pieces.
There is an open door here.
The helpless giant spore fails to defend itself.
You chop the giant spore into pieces!!!!
The giant spore explodes!
The explosion of spores engulfs you!
Ouch! That really hurt!
A fungus suddenly grows.
The explosion of spores engulfs the giant spore.
The giant spore explodes!
The explosion of spores engulfs you!
You die...

#..#_..._##'#..+
#⌠⌠#_.∩...'..._#
####_..._##_.#+##+###
#_____###'# #.[.)###
#########.####'###.##
+...'..%..')∩#
#.).########## ##.##
#@# #$!$!$# #$(P$$#
#######


There were no monsters in sight!

Vanquished Creatures
  A deep troll (D)
  Sonja (D)
  A slime creature (D)
  A yak (D)
  An ogre (D)
  Sigmund (D)
  A jelly (D)
  Ijyb (D)
8 creatures vanquished.

Notes
Turn   | Place    | Note
--------------------------------------------------------------
     0 | D        | PolkaDot, the Vampire Assassin, began the quest for the Orb.
     0 | D        | Reached XP level 1. HP: 16/16 MP: 1/1
     2 | D        | Noticed Ijyb
     4 | D        | Killed Ijyb
     4 | D        | Reached skill level 9 in Stealth
     4 | D        | Reached XP level 2. HP: 22/22 MP: 2/2
     7 | D        | Noticed an ogre
     9 | D        | Killed an ogre
     9 | D        | Reached skill level 14 in Stealth
     9 | D        | Reached XP level 3. HP: 27/27 MP: 3/3
     9 | D        | Reached XP level 4. HP: 33/33 MP: 4/4
    21 | D        | Noticed Sigmund
    23 | D        | Killed Sigmund
    23 | D        | Reached skill level 16 in Stealth
    23 | D        | Reached XP level 5. HP: 38/38 MP: 5/5
   135 | D        | Found a deep blue altar of Sif Muna.
   136 | D        | Noticed a jelly
   137 | D        | Found a radiant altar of Vehumet.
   141 | D        | Killed a jelly
   141 | D        | Reached skill level 17 in Stealth
   148 | D        | Found a snail-covered altar of Cheibriados.
   148 | D        | Found a shadowy altar of Dithmenos.
   148 | D        | Noticed a slime creature
   149 | D        | Found a viscous altar of Jiyva.
   149 | D        | Found a blossoming altar of Fedhas.
   151 | D        | Killed a slime creature
   151 | D        | Reached skill level 20 in Stealth
   151 | D        | Reached XP level 6. HP: 44/44 MP: 6/6
   153 | D        | Became a worshipper of Dithmenos the Shadowed
   190 | D        | Found Gumpig Tuch's Weapon Emporium.
   190 | D        | Found a white marble altar of Elyvilon.
   190 | D        | Found a stormy altar of Qazlal.
   190 | D        | Found a burning altar of Makhleb.
   190 | D        | Found a basalt altar of Yredelemnul.
   190 | D        | Found a glowing golden altar of the Shining One.
   190 | D        | Found a sparkling altar of Nemelex Xobeh.
   190 | D        | Found a shimmering altar of Xom.
   190 | D        | Found an opulent altar of Gozag.
   190 | D        | Found an ancient bone altar of Kikubaaqudgha.
   190 | D        | Found a glowing silver altar of Zin.
   190 | D        | Noticed a yak
   191 | D        | Found an iron altar of Okawaru.
   192 | D        | Killed a yak
   192 | D        | Reached skill level 21 in Stealth
   192 | D        | Reached XP level 7. HP: 49/49 MP: 7/7
   193 | D        | Found a bloodstained altar of Trog.
   202 | D        | Noticed Sonja
   206 | D        | Killed Sonja
   206 | D        | Reached skill level 22 in Stealth
   211 | D        | Noticed a deep troll
   215 | D        | Killed a deep troll
   215 | D        | Reached skill level 23 in Stealth
   215 | D        | Reached XP level 8. HP: 55/55 MP: 8/8
   225 | D        | Found Ajir's Armour Emporium.
   258 | D        | Killed by an exploding giant spore

Action                   |  1- 3 |  4- 6 |  7- 9 || total
-------------------------+-------+-------+-------++-------
Melee: Dagger            |     2 |     4 |     3 ||     9
 Stab: Sleeping          |     2 |     4 |     3 ||     9
